 Dungeon Crawl Stone Soup version 0.17-a0-1572-g7a1422d (console) character file.

1829 Monkaria the Cleaver (level 8, 0/74 HPs)
             Began as a Deep Dwarf Berserker on July 26, 2015.
             Was a Priest of Trog.
             Slain by an orc warrior
             ... wielding a +0 dire flail
              (18 damage)
             ... on level 6 of the Dungeon.
             The game lasted 00:13:49 (4343 turns).

Monkaria the Cleaver (Deep Dwarf Berserker)         Turns: 4343, Time: 00:13:49

Health: 0/74       AC: 10    Str: 22    XL:     8   Next: 86%
Magic:  7/7        EV: 13    Int:  7    God:    Trog [***...]
Gold:   268        SH:  0    Dex: 16    Spells: 0 memorised, 7 levels left

rFire  . . .     SeeInvis .     a - +1 hand axe
rCold  . . .     Clarity  .     E - +0 leather armour (curse)
rNeg   . . .     SustAt   .     (no shield)
rPois  .         Gourm    .     m - +1 helmet
rElec  .         Spirit   .     h - +0 cloak
rCorr  .         Warding  .     (no gloves)
rMut   .         Stasis   .     (no boots)
MR     +++..                    (no amulet)
Stlth  +++.......               z - ring of stealth
                                g - +1 ring of protection

@: exhausted, non-regenerating, extremely resistant to hostile enchantments,
fairly stealthy
A: damage resistance, recharge devices, talons 1, icy blue scales 1, thin
skeletal structure 1, yellow scales 1, sense surroundings 1, slow healing 3
a: Device Recharging, Burn Spellbooks, Berserk, Trog's Hand, Renounce Religion


You were on level 6 of the Dungeon.
You worshipped Trog.
Trog was most pleased with you.
You were hungry.

You visited 1 branch of the dungeon, and saw 6 of its levels.

You collected 268 gold pieces.

Inventory:

Hand weapons
 a - a +1 hand axe (weapon)
 C - a +0 blowgun
 F - a +0 war axe
 L - a +0 battleaxe
Missiles
 b - 8 needles of paralysis
 o - 33 poisoned needles
 x - 8 javelins (quivered)
 y - 13 tomahawks
Armour
 h - a +0 cloak (worn)
 m - a +1 helmet (worn)
 E - a cursed +0 leather armour (worn)
 G - a cursed +0 ring mail
Jewellery
 g - a +1 ring of protection (left hand)
 z - a ring of stealth (right hand)
Magical devices
 c - a wand of heal wounds (4)
Scrolls
 p - 4 scrolls of remove curse
 r - a scroll of fear {unknown}
 t - 3 scrolls of immolation
 w - 2 scrolls of enchant armour {unknown}
 B - a scroll of random uselessness {unknown}
 K - a scroll of identify
Potions
 e - a potion of curing
 f - 2 potions of flight
 i - a potion of cancellation
 k - a potion of might {unknown}
 l - 2 potions of lignification {unknown}
 q - 2 potions of ambrosia {unknown}
 u - a potion of agility {unknown}
 A - a potion of brilliance {unknown}
 D - a potion of resistance {unknown}
 I - a potion of heal wounds {unknown}
 J - a potion of poison {unknown}
Books
 v - a book of Callings

   Spells                             Type                      Level
   a - Summon Small Mammal            Summoning                    1
   b - Call Imp                       Summoning                    2
   c - Call Canine Familiar           Summoning                    3
   d - Summon Guardian Golem          Hexes/Summoning              3
   e - Summon Lightning Spire         Summoning/Air                4
   f - Summon Ice Beast               Ice/Summoning                4
   Trog disapproves of the use of such an item.
Comestibles
 d - 4 bread rations
 j - a slice of pizza
 n - 2 beef jerkies
 s - 2 meat rations
 H - a chunk of flesh


   Skills:
 - Level 5.1 Fighting
 - Level 11.0 Axes
 + Level 4.0 Armour
 - Level 3.1 Dodging


You had 7 spell levels left.
You didn't know any spells.

Dungeon Overview and Level Annotations

Branches:
Dungeon (6/15)             Temple (0/1) D:4

Altars:
Ashenzari
Dithmenos
Ru
Xom


Innate Abilities, Weirdness & Mutations

You are resistant to damage.
You can recharge devices by infusing magical energy.
You passively map a small area around you.
You do not heal naturally.
You have sharp toenails.
You are partially covered in icy blue scales (AC +1).
You have a somewhat thin skeletal structure (Dex +2, Stealth).
You are partially covered in yellow scales (AC +2).


Message History

You barely miss the orc warrior.
You claw the orc warrior, but do no damage.
The orc warrior is lightly wounded.
The orc warrior hits you with a dire flail!!
You hear a shout!
You hit the orc warrior but do no damage.
You claw the orc warrior, but do no damage.
The orc warrior is lightly wounded.
The orc barely misses you.
You hit the orc warrior. Your kick misses the orc warrior.
The orc warrior is lightly wounded.
The orc warrior hits you with a dire flail!
* * * LOW HITPOINT WARNING * * *
The orc hits you but does no damage.
You closely miss the orc warrior.
You claw the orc warrior, but do no damage.
The orc warrior is lightly wounded.
You feel the effects of Trog's Hand fading.
The orc warrior hits you with a dire flail!!
You die...

###* ## * * #.. ,
..,, #.# .#* * #.#
*.#
#########.####.#####o
*
#........o..........o
#.###...ooo...o# ,
#.# #.###o###...o.o..
###.# #.# #@#
##.####.. *
#...###.###.# .# * ,
#####>..##...##.# .#
##........)#.#.#.#
.#* ,
(........[.(.#)#.# ..
#.#......)###.#.# ##*
#...............# *
#####...#.##.####
##.##.##.# ,


You could see an orc warrior, an orc priest, an orc wizard and 2 orcs.

Vanquished Creatures
  Sigmund (D:3)
  Edmund (D:5)
  A phantom (D:4)
  A sky beast (D:5)
  4 ogres
  A giant frog (D:5)
  Blork the orc (D:6)
  3 scorpions
  A hound (D:4)
  2 iguanas
  A centaur zombie (D:3)
  A gnoll shaman (D:4)
  4 orc wizards
  A giant frog skeleton (D:5)
  2 orc priests
  A jelly (D:5)
  2 worker ants
  2 hound skeletons
  Robin (D:2)
  11 adders
  8 gnolls
  An adder skeleton (D:5)
  An adder zombie (D:6)
  2 worms
  2 giant geckos (D:3)
  12 orcs
  3 ball pythons
  A bat skeleton (D:5)
  5 giant cockroaches
  22 goblins
  9 hobgoblins
  3 jackals (D:3)
  4 quokkas
  17 bats
  3 giant newts (D:1)
  A jackal skeleton (D:5)
  8 kobolds
  8 rats
152 creatures vanquished.

Notes
Turn   | Place    | Note
--------------------------------------------------------------
     0 | D:1      | Monkaria the Deep Dwarf Berserker began the quest for the Orb.
     0 | D:1      | Reached XP level 1. HP: 20/20 MP: 1/1
   180 | D:1      | Reached XP level 2. HP: 27/27 MP: 2/2
   542 | D:2      | Noticed Robin
   543 | D:2      | Acquired Trog's second power
   559 | D:2      | Reached XP level 3. HP: 29/34 MP: 3/3
   564 | D:2      | Killed Robin
   696 | D:2      | Found a shattered altar of Ashenzari.
   809 | D:2      | Reached skill level 4 in Axes
   809 | D:2      | Reached XP level 4. HP: 37/42 MP: 4/4
   856 | D:2      | Found a shattered altar of Ashenzari.
  1168 | D:3      | Noticed Sigmund
  1191 | D:3      | Killed Sigmund
  1191 | D:3      | Reached skill level 6 in Axes
  1191 | D:3      | Reached XP level 5. HP: 26/49 MP: 5/5
  1337 | D:3      | Found a sacrificial altar of Ru.
  1352 | D:3      | Reached XP level 6. HP: 22/56 MP: 6/6
  1708 | D:3      | Reached skill level 7 in Axes
  1936 | D:4      | Found a staircase to the Ecumenical Temple.
  2001 | D:4      | Reached skill level 8 in Axes
  2001 | D:4      | Reached XP level 7. HP: 32/62 MP: 7/7
  2210 | D:4      | HP: 2/62 [gnoll/halberd (12)]
  2395 | D:4      | Reached skill level 9 in Axes
  2588 | D:4      | Found a sacrificial altar of Ru.
  2692 | D:4      | Found a shimmering altar of Xom.
  2693 | D:4      | Found a shadowy altar of Dithmenos.
  2769 | D:5      | Entered Level 5 of the Dungeon
  2890 | D:5      | Found Keps's General Store.
  3113 | D:5      | Reached skill level 10 in Axes
  3113 | D:5      | Reached XP level 8. HP: 27/69 MP: 8/8
  3117 | D:5      | Gained mutation: You are partially covered in icy blue scales (AC +1). [mutagenic meat]
  3118 | D:5      | Gained mutation: You have a somewhat thin skeletal structure (Dex +2, Stealth). [mutagenic meat]
  3119 | D:5      | Gained mutation: You have sharp toenails. [mutagenic meat]
  3121 | D:5      | Gained mutation: You are partially covered in yellow scales (AC +2). [mutagenic meat]
  3255 | D:5      | Noticed Edmund
  3268 | D:5      | Killed Edmund
  3269 | D:5      | Reached skill level 11 in Axes
  4205 | D:6      | Noticed Blork the orc
  4234 | D:6      | Killed Blork the orc
  4253 | D:6      | Reached skill level 5 in Fighting
  4343 | D:6      | Slain by an orc warrior

Vault maps used:
D:1:      sevenhm_arrival_forest_fort_small_1, st_stairs_10,
          minmay_misc_feat_four_crosses
D:2:      old_standard_altar, evilmike_ruin_ashenzari, uniq_robin
D:3:      nicolae_ru_great_annihilating_truth, uniq_sigmund
D:4:      lemuel_round_altar, gammafunk_temple_overflow_pools,
          minmay_temple_entry_glass, first_bread
D:5:      serial_shops, nicolae_shop_stone, kennysheep_generic_room_15,
          uniq_edmund
D:6:      uniq_blork_the_orc

Action                   |  1- 3 |  4- 6 |  7- 9 || total
-------------------------+-------+-------+-------++-------
Melee: Hand axe          |   102 |   180 |   285 ||   567
Invok: Trog's Hand       |     1 |     5 |    12 ||    18
       Berserk           |       |     2 |     9 ||    11
 Abil: Device Recharging |       |       |     1 ||     1
Evoke: Wand              |     2 |     2 |     2 ||     6
  Use: Scroll            |       |       |     7 ||     7
       Potion            |       |       |     2 ||     2
 Stab: Distracted        |     1 |       |       ||     1
       Sleeping          |       |       |     9 ||     9
  Eat: Chunk             |       |     6 |    24 ||    30
